 Dungeon Crawl Stone Soup version 0.26-a0-642-g67e99244d3 (webtiles) character file.

Game seed: 12723784474907688107

11775 Gargoyl the Fighter (level 11, 0/89 HPs)
             Began as a Gnoll Abyssal Knight on Sept 22, 2020.
             Was a Priest of Lugonu.
             Succumbed to a redback's poison
             ... on level 1 of the Lair of Beasts.
             The game lasted 00:19:55 (16108 turns).

Gargoyl the Fighter (Gnoll Abyssal Knight)         Turns: 16108, Time: 00:19:55

Health: 0/89       AC: 14    Str: 18    XL:     11   Next: 83%
Magic:  21/21      EV: 16    Int: 14    God:    Lugonu [***...]
Gold:   643        SH:  0    Dex: 15    Spells: 23/23 levels left

rFire    . . .     SeeInvis .   y - +5 falchion
rCold    + . .     Faith    .   l - +0 kite shield
rNeg     . . .     Spirit   .   x - +2 scale mail {rC+}
rPois    .         Reflect  .   (no helmet)
rElec    +         Harm     .   m - +0 cloak
rCorr    .         Rampage  .   d - +0 pair of gloves
MR       +....     Rnd*Rage +   r - +0 pair of boots
Stlth    ..........             (no amulet)
HPRegen  0.24/turn              j - ring of protection from magic
MPRegen  0.17/turn              v - +4 ring of evasion

@: confused, lethally poisoned (0 -> -91)
A: distributed training, fangs 1, hooves 1, berserk 1, electricity resistance,
strong nose
a: Depart the Abyss, Bend Space, Banish, Renounce Religion


You were on level 1 of the Lair of Beasts.
You worshipped Lugonu.
Lugonu was most pleased with you.
You visited 2 branches of the dungeon, and saw 11 of its levels.
You visited the Abyss 1 time.

You collected 643 gold pieces.

Inventory:

Hand Weapons
 a - a +1 hand axe
 n - the +2 spear of Qafef {holy, rPois rF+ MR- Str+3}
   (You took it off a spriggan on level 8 of the Dungeon)

   It has been blessed by the Shining One to cause great damage to the undead
   and demons.
   It affects your strength (+3).
   It protects you from fire.
   It protects you from poison.
   It affects your resistance to hostile enchantments.
 p - a +1 war axe
 y - a +5 falchion (weapon)
 B - a +0 scimitar of holy wrath
Missiles
 s - 4 javelins (quivered)
Armour
 d - a +0 pair of gloves (worn)
 l - a +0 kite shield (worn)
 m - a +0 cloak (worn)
 r - a +0 pair of boots (worn)
 x - a +2 scale mail of cold resistance (worn)
Jewellery
 i - an uncursed ring of flight
 j - a ring of protection from magic (left hand)
 v - a +4 ring of evasion (right hand)
 D - an uncursed ring of protection from cold {unknown}
Wands
 o - a wand of acid (2)
 G - a wand of iceblast (5)
Scrolls
 b - 8 scrolls of teleportation
 c - 3 scrolls of blinking
 f - 2 scrolls of identify
 q - 3 scrolls of fog
 u - 2 scrolls of magic mapping
 C - 2 scrolls of remove curse
 H - a scroll of enchant armour {unknown}
Potions
 g - a potion of haste
 h - a potion of flight
 k - 2 potions of stabbing
 t - a potion of magic
 z - a potion of invisibility {unknown}
 A - 3 potions of brilliance {unknown}
Miscellaneous
 E - a lightning rod (inert)


   Skills:
 + Level 9.4 Fighting
 + Level 6.6 Short Blades
 + Level 6.6 Long Blades
 + Level 8.2 Axes
 + Level 6.6 Maces & Flails
 + Level 6.6 Polearms
 + Level 6.6 Staves
 + Level 6.6 Slings
 + Level 6.6 Bows
 + Level 6.6 Crossbows
 + Level 6.6 Throwing
 + Level 8.2 Armour
 + Level 7.2 Dodging
 + Level 6.6 Stealth
 + Level 6.6 Shields
 + Level 6.6 Unarmed Combat
 + Level 6.6 Spellcasting
 + Level 5.5 Conjurations
 + Level 5.5 Hexes
 + Level 5.5 Summonings
 + Level 5.5 Necromancy
 + Level 5.5 Translocations
 + Level 5.5 Transmutations
 + Level 5.5 Fire Magic
 + Level 5.5 Ice Magic
 + Level 5.5 Air Magic
 + Level 5.5 Earth Magic
 + Level 5.5 Poison Magic
 + Level 8.7 Invocations
 + Level 6.6 Evocations


You had 23 spell levels left.
You didn't know any spells.
Your spell library contained the following spells:

 Spells                   Type           Power        Failure   Level
 Animate Skeleton         Necr           ###...       12%         1
 Pain                     Necr           ###.         12%         1
 Confusing Touch          Hex            ###.....     36%         3
 Gell's Gravitas          Tloc           ###.......   36%         3
 Vampiric Draining        Necr           ###.......   36%         3
 Animate Dead             Necr           ###.......   77%         4
 Petrify                  Tmut/Erth      ###.....     77%         4
 Agony                    Necr           ###.....     98%         5
 Metabolic Englaciation   Hex/Ice        ###.......   98%         5
 Yara's Violent Unravell  Hex/Tmut       ###.......   98%         5


Dungeon Overview and Level Annotations

Branches:
Dungeon (9/15)             Temple (0/1) D:7            Lair (2/6) D:9
 Spider (0/4) Lair:2          Orc (0/2) D:9
  Swamp: Lair:2-4    Shoals: Lair:2-4

Altars:
Cheibriados
Nemelex Xobeh
Okawaru
Qazlal
Ru
Trog
Uskayaw
Vehumet
Wu Jian
Beogh

Shops:
D:7 =

Annotations:
Abyss:1 Duvessa


Innate Abilities, Weirdness & Mutations

Your experience applies equally to all skills.
You have very sharp teeth.
Your uncanny sense of smell can sniff out nearby items.
You have large cloven feet.
You tend to lose your temper in combat.
You are resistant to electric shocks. (rElec)


Message History

You feel sick. The redback barely misses you.
Okay, then.
You are confused.
You feel invigorated.
* * * LOW HITPOINT WARNING * * *
You feel sick. The redback misses you.
The redback bites you but does no damage.
You feel sick.
You feel sick. The redback bites you.
* * * LOW HITPOINT WARNING * * *
You are more poisoned.
The redback poisons you! The redback misses you.
* * * LOW HITPOINT WARNING * * *
You feel very sick. The redback bites you!
* * * LOW HITPOINT WARNING * * *
You are more poisoned.
The redback poisons you!
You're too confused to move!
You die...

.......# ##...P###.##.#
......## ##...## ###..#
.#.#..# #....# ##.#
...#..# ##...# ##.#
......#### #P...# #..#
...#...#P####....# ##.#
...#.............##### #.#
.+##..............##.###.#
.....†..........@s.......#
####.####.#####..#######.#
### ### #### ###


You could see a redback.

Vanquished Creatures
  2 two-headed ogres
  The ghost of hemabe71 the Sneak, a novice HuAr of Trog (D:8)
  The ghost of funnypoop the Grappler, a novice TrFi (D:9)
  Joseph (D:9)
  A cane toad (Lair:1)
  2 komodo dragons (Lair:2)
  A troll (D:9)
  3 hippogriffs
  2 spriggans (D:8)
  A wyvern (D:8)
  6 water moccasins
  2 porcupines
  3 orc warriors (D:8)
  A sky beast (D:5)
  2 black bears (D:8)
  3 ice beasts
  A necrophage (D:8)
  2 ogres
  A phantom (D:6)
  5 centaurs
  4 wolves (D:9)
  4 crocodiles
  A big kobold (D:9)
  10 bullfrogs
  A gnoll sergeant (D:7)
  Dowan (D:7)
  A wyvern skeleton (D:7)
  3 scorpions
  2 jellies
  3 wights (D:8)
  2 howler monkeys
  An electric eel (D:9)
  3 hounds (D:9)
  2 bullfrog zombies
  2 orc priests (D:9)
  7 orc wizards
  An iguana (D:5)
  2 worker ants (D:6)
  A hound skeleton (D:8)
  2 mummies
  A worker ant zombie (D:5)
  3 gnolls (D:7)
  8 adders
  2 shadow imps
  2 white imps
  2 ufetubi (D:8)
  2 oozes
  An adder zombie (D:5)
  2 adder skeletons
  2 worms
  3 dart slugs
  4 leopard geckos
  29 orcs
  2 ball pythons (D:2)
  5 bats
  4 giant cockroaches
  13 goblins
  7 hobgoblins
  4 jackals (D:5)
  2 quokkas
  3 frilled lizards
  19 kobolds
  A leopard gecko zombie (D:5)
  A quokka skeleton (D:8)
  6 rats
222 creatures vanquished.

Vanquished Creatures (others)
  2 fungi (D:8)
  6 plants
  3 starspawn tentacles
11 creatures vanquished.

Grand Total: 233 creatures vanquished

Notes
Turn   | Place    | Note
-------+----------+-------------------------------------------
     0 | Abyss:1  | Gargoyl the Gnoll Abyssal Knight began the quest for the
                  | Orb.
     0 | Abyss:1  | Reached XP level 1. HP: 23/23 MP: 3/3
    38 | Abyss:1  | Noticed a tentacled starspawn
    49 | Abyss:1  | Found a corrupted altar of Lugonu.
    87 | Abyss:2  | Found a corrupted altar of Lugonu.
    87 | Abyss:2  | Noticed a ynoxinul
   143 | Abyss:3  | Noticed an orange demon
   150 | Abyss:3  | Noticed a tentacled starspawn
   180 | Abyss:3  | Noticed a wretched star
   181 | D:1      | Escaped the Abyss
   333 | D:1      | Reached XP level 2. HP: 16/29 MP: 5/5
   499 | D:1      | Reached * piety under Lugonu
   652 | D:1      | Reached XP level 3. HP: 32/35 MP: 6/6
  1715 | D:2      | Reached skill level 1 in Short Blades
  1715 | D:2      | Reached skill level 1 in Long Blades
  1715 | D:2      | Reached skill level 1 in Maces & Flails
  1715 | D:2      | Reached skill level 1 in Polearms
  1715 | D:2      | Reached skill level 1 in Staves
  1715 | D:2      | Reached skill level 1 in Slings
  1715 | D:2      | Reached skill level 1 in Bows
  1715 | D:2      | Reached skill level 1 in Crossbows
  1715 | D:2      | Reached skill level 1 in Throwing
  1715 | D:2      | Reached skill level 1 in Stealth
  1715 | D:2      | Reached skill level 1 in Shields
  1715 | D:2      | Reached skill level 1 in Unarmed Combat
  1715 | D:2      | Reached skill level 1 in Spellcasting
  1715 | D:2      | Reached skill level 1 in Evocations
  1850 | D:2      | Reached XP level 4. HP: 40/41 MP: 7/7
  1965 | D:2      | Reached ** piety under Lugonu
  2010 | D:2      | Found a faded altar of an unknown god.
  2315 | D:2      | Reached skill level 1 in Conjurations
  2315 | D:2      | Reached skill level 1 in Hexes
  2315 | D:2      | Reached skill level 1 in Summonings
  2315 | D:2      | Reached skill level 1 in Necromancy
  2315 | D:2      | Reached skill level 1 in Translocations
  2315 | D:2      | Reached skill level 1 in Transmutations
  2315 | D:2      | Reached skill level 1 in Fire Magic
  2315 | D:2      | Reached skill level 1 in Ice Magic
  2315 | D:2      | Reached skill level 1 in Air Magic
  2315 | D:2      | Reached skill level 1 in Earth Magic
  2315 | D:2      | Reached skill level 1 in Poison Magic
  2625 | D:3      | Reached XP level 5. HP: 39/47 MP: 8/8
  3041 | D:3      | You fall into a shaft and drop 1 floor!
  3146 | D:3      | Reached skill level 5 in Invocations
  3245 | D:3      | Reached XP level 6. HP: 47/53 MP: 9/9
  4105 | D:4      | Reached skill level 5 in Axes
  4105 | D:4      | Reached skill level 5 in Armour
  4404 | D:4      | Found a bloodstained altar of Trog.
  5061 | D:5      | Entered Level 5 of the Dungeon
  5209 | D:5      | Noticed a sky beast
  5235 | D:5      | Killed a sky beast
  5235 | D:5      | Reached XP level 7. HP: 26/59 MP: 10/10
  5459 | D:5      | Reached skill level 7 in Fighting
  6571 | D:6      | Found a stormy altar of Qazlal.
  6584 | D:6      | Noticed a fire elemental
  6618 | D:6      | Reached XP level 8. HP: 65/67 MP: 12/12
  6863 | D:6      | Identified a scroll of acquirement
  6863 | D:6      | Acquired a +4 ring of evasion
  7033 | D:6      | Reached *** piety under Lugonu
  7539 | D:6      | Noticed a water elemental
  7540 | D:6      | Noticed an air elemental
  7829 | D:7      | Found Deikhl Feteu's Jewellery Shoppe.
  7847 | D:7      | Noticed Duvessa
  7847 | D:7      | Noticed Dowan
  7862 | D:7      | Banished Duvessa
  7869 | D:7      | Killed Dowan
  8085 | D:7      | Found a staircase to the Ecumenical Temple.
  8285 | D:7      | Found a snail-covered altar of Cheibriados.
  8779 | D:7      | Found a hide-covered altar of Uskayaw.
  9130 | D:8      | Reached XP level 9. HP: 53/72 MP: 14/14
  9228 | D:8      | Found a radiant altar of Vehumet.
  9242 | D:8      | Found a stormy altar of Qazlal.
  9245 | D:8      | Found an iron altar of Okawaru.
  9248 | D:8      | Found a sparkling altar of Nemelex Xobeh.
  9281 | D:8      | Found an ornate altar of the Wu Jian Council.
  9282 | D:8      | Noticed a two-headed ogre
  9284 | D:8      | Banished a two-headed ogre
  9284 | D:8      | Reached skill level 5 in Dodging
  9402 | D:8      | Reached skill level 8 in Fighting
  9942 | D:8      | Reached XP level 10. HP: 28/80 MP: 17/17
 10446 | D:8      | Reached skill level 5 in Short Blades
 10446 | D:8      | Reached skill level 5 in Long Blades
 10446 | D:8      | Reached skill level 5 in Maces & Flails
 10446 | D:8      | Reached skill level 5 in Polearms
 10446 | D:8      | Reached skill level 5 in Staves
 10446 | D:8      | Reached skill level 5 in Slings
 10446 | D:8      | Reached skill level 5 in Bows
 10446 | D:8      | Reached skill level 5 in Crossbows
 10446 | D:8      | Reached skill level 5 in Throwing
 10446 | D:8      | Reached skill level 5 in Stealth
 10446 | D:8      | Reached skill level 5 in Shields
 10446 | D:8      | Reached skill level 5 in Unarmed Combat
 10446 | D:8      | Reached skill level 5 in Spellcasting
 10446 | D:8      | Reached skill level 5 in Evocations
 10642 | D:8      | Found a runed translucent door.
 10644 | D:8      | Noticed hemabe71's ghost (novice HuAr)
 10645 | D:8      | Identified the +2 spear of Qafef {holy, rPois rF+ MR-
                  | Str+3}
 10715 | D:8      | Got a masterwork hand axe
 10716 | D:8      | Identified the cursed +1 hand axe of Qazlal's Hope {venom,
                  | Str-3 Int+4 Dex+5} (You found it on level 8 of the Dungeon)
 10804 | D:8      | Noticed a two-headed ogre
 10858 | D:8      | Killed a two-headed ogre
 11657 | D:8      | Killed hemabe71's ghost
 11870 | D:9      | Found a sacrificial altar of Ru.
 11902 | D:9      | Noticed Joseph
 11928 | D:9      | Killed Joseph
 12226 | D:9      | Gained mutation: You tend to lose your temper in combat.
                  | [potion of mutation]
 12226 | D:9      | Gained mutation: You have large cloven feet. [potion of
                  | mutation]
 12226 | D:9      | Gained mutation: You are resistant to electric shocks.
                  | (rElec) [potion of mutation]
 12512 | D:9      | Reached XP level 11. HP: 77/87 MP: 19/19
 12677 | D:9      | Found a runed translucent door.
 12681 | D:9      | Noticed funnypoop's ghost (novice TrFi)
 12682 | D:9      | Noticed a two-headed ogre
 12699 | D:9      | Killed funnypoop's ghost
 12699 | D:9      | Reached skill level 9 in Fighting
 12710 | D:9      | Killed a two-headed ogre
 12710 | D:9      | Reached skill level 5 in Conjurations
 12710 | D:9      | Reached skill level 5 in Hexes
 12710 | D:9      | Reached skill level 5 in Summonings
 12710 | D:9      | Reached skill level 5 in Necromancy
 12710 | D:9      | Reached skill level 5 in Translocations
 12710 | D:9      | Reached skill level 5 in Transmutations
 12710 | D:9      | Reached skill level 5 in Fire Magic
 12710 | D:9      | Reached skill level 5 in Ice Magic
 12710 | D:9      | Reached skill level 5 in Air Magic
 12710 | D:9      | Reached skill level 5 in Earth Magic
 12710 | D:9      | Reached skill level 5 in Poison Magic
 12940 | D:9      | Found a staircase to the Lair.
 12981 | D:9      | Reached **** piety under Lugonu
 12990 | D:9      | Found a roughly hewn altar of Beogh.
 12990 | D:9      | Found a staircase to the Orcish Mines.
 14274 | Lair:1   | Entered Level 1 of the Lair of Beasts
 15268 | Lair:1   | Noticed a five-headed hydra
 15269 | Lair:1   | Banished a five-headed hydra
 16061 | Lair:2   | Found a hole to the Spider Nest.
 16077 | Lair:2   | Noticed a wolf spider
 16088 | Lair:2   | Banished a wolf spider
 16107 | Lair:1   | HP: 2/89 [redback (11)]
 16108 | Lair:1   | Succumbed to a redback's poison

Illustrated notes

Levels and vault maps discovered:
D:1:      dpeg_arrival_circle_labyrinth_c, layout_basic, minmay_tripent
D:2:      layout_loops_ring, chequers_ecumenical_altar_lobes
D:3:      layout_basic, minmay_misc_feat_more_columns, corner_web_ring
D:4:      layout_loops_corners, trog_book
D:5:      layout_basic, minivault_26
D:6:      layout_gridville, gup_ossuary_entry_pyramid,
          nicolae_qazlal_style_of_elements
D:7:      layout_basic, minmay_temple_entry_tees, basic_altar, serial_shops,
          shop, chei_slow_surprise, uniq_duvessa
D:8:      minmay_clustersquares, layout_basic, nicolae_overflow_crystal_walls,
          grunt_temple_overflow_cloverleaf, ebering_ghost_funeral_grove
D:9:      layout_irregular_city, overflow_temple_1_default, erik_lair_island,
          david_orc_5, ebering_ghost_inner_flame, uniq_joseph
Lair:1:   layout_chaotic_city, serial_bayou_ford_a
Lair:2:   layout_loops_ring, spider_nest_entry_funnel_web, serial_bayou_shore_a

Skill      XL: |  1  2  3  4  5  6  7  8  9 10 11 |
---------------+----------------------------------+-----
Short Blades   | 1 2 3 4 5 6 |  6.6
Long Blades    | 1 2 3 4 5 6 |  6.6
Maces & Flails | 1 2 3 4 5 6 |  6.6
Polearms       | 1 2 3 4 5 6 |  6.6
Staves         | 1 2 3 4 5 6 |  6.6
Slings         | 1 2 3 4 5 6 |  6.6
Bows           | 1 2 3 4 5 6 |  6.6
Crossbows      | 1 2 3 4 5 6 |  6.6
Throwing       | 1 2 3 4 5 6 |  6.6
Stealth        | 1 2 3 4 5 6 |  6.6
Shields        | 1 2 3 4 5 6 |  6.6
Unarmed Combat | 1 2 3 4 5 6 |  6.6
Spellcasting   | 1 2 3 4 5 6 |  6.6
Evocations     | 1 2 3 4 5 6 |  6.6
Conjurations   | 1 2 3 4 5 |  5.5
Hexes          | 1 2 3 4 5 |  5.5
Summonings     | 1 2 3 4 5 |  5.5
Necromancy     | 1 2 3 4 5 |  5.5
Translocations | 1 2 3 4 5 |  5.5
Transmutations | 1 2 3 4 5 |  5.5
Fire Magic     | 1 2 3 4 5 |  5.5
Ice Magic      | 1 2 3 4 5 |  5.5
Air Magic      | 1 2 3 4 5 |  5.5
Earth Magic    | 1 2 3 4 5 |  5.5
Poison Magic   | 1 2 3 4 5 |  5.5
Dodging        | 3 4 5 6 7 |  7.2
Invocations    | 5 6 7 8 |  8.7
Axes           | 5 6 7 8 |  8.2
Armour         | 5 6 7 8 |  8.2
Fighting       | 7 8 9 |  9.4

Action                   |  1- 3 |  4- 6 |  7- 9 | 10-12 || total
-------------------------+-------+-------+-------+-------++-------
Melee: Hand axe          |    86 |   261 |   399 |    58 ||   804
       Bite              |    10 |    30 |    51 |    84 ||   175
       Falchion          |       |       |       |   399 ||   399
       Spear             |       |       |       |    51 ||    51
Throw: Javelin           |       |       |       |     2 ||     2
Invok: Depart the Abyss  |     1 |       |       |       ||     1
       Banish            |       |       |     2 |     4 ||     6
Evoke: Lightning rod     |       |       |       |     5 ||     5
  Use: Scroll            |     5 |     5 |     7 |     7 ||    24
       Potion            |       |     6 |     2 |     6 ||    14
 Stab: Sleeping          |       |       |       |     1 ||     1
Armor: Ring mail         |    18 |       |       |       ||    18
       Chain mail        |    18 |   138 |   106 |       ||   262
       Scale mail        |       |       |    87 |   117 ||   204
       Skin              |       |       |       |    11 ||    11
Dodge: Dodged            |    40 |    53 |   120 |   342 ||   555
Block: Kite shield       |    10 |   120 |   191 |   282 ||   603
       Rpst.: Falchion   |       |       |       |    83 ||    83

Table legend: (Time is in decaauts)
 A = Elapsed time spent in this place.
 B = Non-inter-level travel time spent in this place.
 C = Inter-level travel time spent in this place.
 D = Time resting spent in this place.
 E = Time spent auto-exploring this place.
 F = Levels seen in this place.
 G = Mean time per level.
                   A        B        C        D        E       F      G
               +--------+--------+--------+--------+--------+-----+--------+
         Total |  16281 |  15780 |    501 |   4946 |   7897 |  14 | 1162.9 |
       Dungeon |  14227 |  13756 |    471 |   4268 |   6957 |   9 | 1580.8 |
          Lair |   1872 |   1843 |     29 |    678 |    835 |   2 |  936.0 |
         Abyss |    181 |    181 |      0 |      0 |    105 |   3 |   60.3 |
               +--------+--------+--------+--------+--------+-----+--------+

Top non-repeatable levels by time:
     D:8: 3592 daAuts
     D:9: 1616 daAuts
     D:7: 1472 daAuts
     D:4: 1458 daAuts
     D:5: 1447 daAuts
     D:1: 1334 daAuts
  Lair:1: 1324 daAuts
     D:3: 1191 daAuts
     D:6: 1163 daAuts
     D:2: 952 daAuts
  Lair:2: 547 daAuts
 Abyss:3: 83 daAuts
 Abyss:1: 58 daAuts
 Abyss:2: 39 daAuts
